 Dungeon Crawl Stone Soup version 0.31-a0-986-g5e6e4ef867 (webtiles) character file.

Game seed: 9404616125801193359

362 CraigForest the Shield-Bearer (level 6, -4/49 HPs)
             Began as a Formicid Fighter on Nov 21, 2023.
             Was a Follower of Qazlal.
             Slain by a sixfirhy (10 damage)
             ... summoned by a kobold demonologist
             ... on level 3 of the Dungeon.
             The game lasted 00:09:12 (2189 turns).

CraigForest the Shield-Bearer (Formicid Fighter)    Turns: 2189, Time: 00:09:13

Health: -4/49      AC:  7    Str: 21    XL:     6   Next: 99%
Magic:  6/6        EV: 10    Int: 13    God:    Qazlal [*.....]
Gold:   176        SH:  7    Dex: 15    Spells: 5/5 levels left

rFire   . . .        a - +1 long sword
rCold   . . .        c - +0 buckler
rNeg    . . .        b - +0 scale mail
rPois   .            (helmet unavailable)
rElec   .            (no cloak)
rCorr   .            (no gloves)
SInv    +            (no boots)
Will    .....        (no amulet) Stlth
                     j - +6 ring of intelligence
HPRegen 0.28/turn    (no ring)
MPRegen 0.10/turn

%: no passive effects
@: mighty
A: permanent stasis, dig shafts and tunnels, antennae 3, four strong arms
a: Dig, Shaft Self, Renounce Religion


You were on level 3 of the Dungeon.
You worshipped Qazlal.
Qazlal was aware of your devotion.
You visited 1 branch of the dungeon, and saw 3 of its levels.

You collected 176 gold pieces.

Inventory:

Hand Weapons
 a - a +1 long sword (weapon)
 g - a +1 dagger of venom
Missiles
 i - 5 poisoned darts
 m - 18 stones
Armour
 b - a +0 scale mail (worn)
 c - a +0 buckler (worn)
Jewellery
 j - a +6 ring of intelligence (left hand)
Wands
 p - a wand of flame (9) (quivered)
Potions
 e - a potion of heal wounds
 f - 2 potions of curing
 h - 2 potions of attraction
 k - a potion of ambrosia {unknown}
 l - 2 potions of magic {unknown}
 n - a potion of lignification {unknown}
 o - a potion of brilliance {unknown}


   Skills:
 + Level 4.4 Fighting
 + Level 4.7 Long Blades
 + Level 4.6 Armour
 + Level 1.1 Dodging
 + Level 0.3 Stealth
 + Level 4.8 Shields
 + Level 0.4 Evocations


You had 5 spell levels left.
You didn't know any spells.
Your spell library contained the following spells:

 Spells                   Type           Power      Damage    Failure   Level
 Gell's Gravitas          Tloc           0%         N/A       96%         3
 Teleport Other           Tloc           0%         N/A       96%         3
 Dispersal                Tloc           0%         N/A       100%        6


Dungeon Overview and Level Annotations

Branches:
Dungeon (3/15)

Altars:
Qazlal

Annotations:
D:3 1 transporter


Innate Abilities, Weirdness & Mutations

You cannot be hasted, slowed, berserked, paralysed or teleported.
You can dig through walls and to a lower floor.
You have a pair of large antennae on your head. (SInv)
Your four strong arms can wield two-handed weapons with a shield.


Message History

Aim: an orc priest, wielding a +0 hand axe and wearing a +0 leather armour (heavily wounded, 68% to hit)
The puff of flame hits the orc priest!
You kill the orc priest!
Qazlal accepts your kill.
Aiming: Throw Flame
Press: ? - help, Q - select action, (/) - cycle Shift-Dir - straight line, f - shadow imp
Aim: a shadow imp (64% to hit)
The puff of flame hits the shadow imp.
The shadow imp is lightly wounded.
Unknown command.
Aiming: Throw Flame
Press: ? - help, Q - select action, (/) - cycle Shift-Dir - straight line, f/p - shadow imp
Aim: a shadow imp (lightly wounded, 64% to hit)
The puff of flame hits the shadow imp!
The shadow imp is severely wounded.
Unknown command.
Aiming: Throw Flame
Press: ? - help, Q - select action, (/) - cycle Shift-Dir - straight line, f/p - shadow imp
Aim: a shadow imp (severely wounded, 64% to hit)
The puff of flame hits the shadow imp.
You kill the shadow imp!
Qazlal accepts your kill.
The kobold demonologist casts a spell.
There is an open door here.
You miss the sixfirhy.
The sixfirhy hits you but does no damage.
You block the sixfirhy's attack.
The sixfirhy hits you but does no damage.
You miss the sixfirhy. You block the sixfirhy's attack. x2
The sixfirhy hits you. The sixfirhy shocks you!
The sixfirhy hits you but does no damage.
The shadow imp sputters.
The sixfirhy hits you. The sixfirhy shocks you!
* * * LOW HITPOINT WARNING * * *
You feel very mighty all of a sudden.
The sixfirhy hits you but does no damage.
You feel much better. The sixfirhy hits you. The sixfirhy shocks you!
* * * LOW HITPOINT WARNING * * *
The sixfirhy hits you!
You die...

...# #.#.#.≈...≈.#..#
#.# ...#
#>#.#.≈...≈.#..# #.#
...#####
#.#.#.≈~PP≈.#..###.#
.......#
#.#.#.≈~♣~≈.#......#
...###.#
#.#.#5≈~~~≈)#...####
...# #.#
#.#.#5≈...≈.#.#.# ...#
#.# #.#.#K≈...≈5#.#.#
.<.#
#.####.#.####'####.###
...#
#......#.#P@3...P#.#
...#
######.#.#8P§©.P8#.#
#### #.#.#########.#
#.#.....©.....#
#....##...#####
####.....## #######


You could see a kobold demonologist, a sixfirhy (summoned) and 3 shadow imps.

Vanquished Creatures
  Sigmund (D:2)
  2 orc priests (D:3)
  An orc wizard (D:3)
  3 adders
  A gnoll (D:1)
  A shadow imp (D:3)
  3 worms (D:2)
  A dart slug (D:2)
  3 orcs (D:3)
  2 bats
  10 endoplasms
  A giant cockroach (D:2)
  3 goblins
  7 hobgoblins
  7 kobolds
  2 quokkas
  5 ball pythons
  4 frilled lizards
  6 rats
63 creatures vanquished.

Notes
Turn   | Place    | Note
-------+----------+-------------------------------------------
     0 | D:1      | CraigForest the Formicid Fighter began the quest for the
                  | Orb.
     0 | D:1      | Reached XP level 1. HP: 18/18 MP: 1/1
   157 | D:1      | Reached XP level 2. HP: 16/24 MP: 2/2
   372 | D:1      | Reached XP level 3. HP: 15/29 MP: 3/3
   963 | D:2      | Noticed Sigmund
   987 | D:2      | Killed Sigmund
   988 | D:2      | Reached XP level 4. HP: 13/37 MP: 4/4
   988 | D:2      | Reached XP level 5. HP: 15/42 MP: 5/5
   988 | D:2      | Reached XP level 6. HP: 17/48 MP: 6/6
  1202 | D:2      | Reached skill level 1 in Dodging
  1645 | D:3      | Found a transporter.
  1649 | D:3      | Found a transporter.
  1658 | D:3      | Noticed a kobold demonologist
  2014 | D:3      | Found a faded altar of an unknown god.
  2022 | D:3      | Prayed at the altar of an unknown god.
  2022 | D:3      | Became a worshipper of Qazlal Stormbringer
  2022 | D:3      | Reached * piety under Qazlal
  2184 | D:3      | Noticed a sixfirhy
  2189 | D:3      | Slain by a sixfirhy

Illustrated notes

Levels and vault maps discovered:
D:1:      dpeg_arrival_concentric_ovals, layout_loops_ring
D:2:      layout_rooms, uniq_sigmund
D:3:      gammafunk_wand_slinger, layout_basic, ebering_ecumenical_altar_hall

Skill      XL: |  1  2  3  4  5  6 |
---------------+-------------------+-----
Fighting       | 4 |  4.4
Long Blades    | 3 4 |  4.7
Armour         | 4 |  4.6
Dodging        | 1 |  1.1
Stealth        | |  0.3
Shields        | |  4.8
Evocations     | |  0.4

Action                     |  1- 3 |  4- 6 || total
---------------------------+-------+-------++-------
  Melee: Long sword        |    83 |   129 ||   212
  Evoke: Wand              |       |     7 ||     7
    Use: Scroll            |       |     7 ||     7
         Potion            |       |     3 ||     3
 Armour: Scale mail        |    43 |   102 ||   145
  Dodge: Dodged            |    33 |    69 ||   102
  Block: Buckler           |    21 |    31 ||    52

Table legend: (Time is in decaauts)
 A = Elapsed time spent in this place.
 B = Non-inter-level travel time spent in this place.
 C = Inter-level travel time spent in this place.
 D = Time resting spent in this place.
 E = Time spent auto-exploring this place.
 F = Levels seen in this place.
 G = Mean time per level.
                   A        B        C        D        E       F      G
               +--------+--------+--------+--------+--------+-----+--------+
         Total |   2243 |   2215 |     28 |      0 |   1510 |   3 |  747.7 |
       Dungeon |   2243 |   2215 |     28 |      0 |   1510 |   3 |  747.7 |
               +--------+--------+--------+--------+--------+-----+--------+

Top non-repeatable levels by time:
     D:1: 881 daAuts
     D:3: 722 daAuts
     D:2: 639 daAuts
